 Dungeon Crawl Stone Soup version 0.31-a0-774-g0d66cbabe8 (webtiles) character file.

Game seed: 1716298252736839133

433 cforsyth the Trooper (level 7, -2/49 HPs)
             Began as a Djinni Delver on Sept 18, 2023.
             Was a Believer of Hepliaklqana.
             Slain by a centaur (3 damage)
             ... on level 5 of the Dungeon.
             The game lasted 00:04:38 (3910 turns).

cforsyth the Trooper (Djinni Delver)                Turns: 3910, Time: 00:04:38

Health: -2/49      AC:  3    Str: 11    XL:     7   Next: 20%
Gold:   217        EV: 12    Int: 14    God:    Hepliaklqana [**....] SH:  0 Dex: 14

rFire   + + .        A - +2 hand axe (freeze)
rCold   x . .        (no shield)
rNeg    . . .        b - +0 leather armour
rPois   ∞            (no helmet)
rElec   .            (no cloak)
rCorr   .            (no gloves)
SInv    .            (boots unavailable)
Will    .....        (no amulet)
Stlth   ++           (no ring)
HPRegen 0.28/turn    (no ring)
MPRegen 0.00/turn

%: infuse magic (-3 HP)
@: brilliant, freezing walls, flying
A: reduced essence, sickness immunity, fire resistance 2, cold vulnerability 1,
float, innate caster, HP casting, extra vitality 1
a: Renounce Religion, Recall Ancestor, Ancestor Identity


You were on level 5 of the Dungeon.
You worshipped Hepliaklqana.
Hepliaklqana was pleased with you.
You visited 1 branch of the dungeon, and saw 5 of its levels.

You collected 217 gold pieces.

Inventory:

Hand Weapons
 a - a +0 falchion
 r - a +2 dagger of venom
 A - a +2 hand axe of freezing (weapon)
Armour
 b - a +0 leather armour (worn)
Jewellery
 m - a ring of protection from fire
 y - a ring of wizardry
Wands
 g - a wand of digging (8)
 j - a wand of mindburst (6)
 l - a wand of paralysis (7)
Scrolls
 c - 2 scrolls of fog
 d - 3 scrolls of revelation
 e - a scroll of fear
 h - a scroll of noise {unknown}
 i - 3 scrolls of identify {unknown}
 n - 5 scrolls of teleportation {unknown}
 t - a scroll of brand weapon {unknown}
 u - a scroll of vulnerability {unknown}
 w - a scroll of blinking {unknown}
Potions
 f - 2 potions of haste
 k - a potion of enlightenment {unknown}
 o - a potion of heal wounds {unknown}
 p - 2 potions of brilliance
 q - a potion of cancellation {unknown}
 s - 2 potions of might {unknown}
 v - a potion of attraction {unknown}
 x - a potion of curing {unknown}
 z - 2 potions of berserk rage {unknown}


   Skills:
 + Level 5.7 Fighting
 - Level 1.7 Long Blades
 - Level 2.1 Dodging
 - Level 4.1 Stealth
 + Level 3.4 Spellcasting
 + Level 3.4 Conjurations
 + Level 3.4 Hexes
   Level 0.0 Charms
 + Level 3.4 Summonings
 + Level 3.4 Necromancy
 + Level 3.4 Translocations
 + Level 3.4 Transmutations
 + Level 3.4 Fire Magic
 + Level 3.4 Ice Magic
 + Level 3.4 Air Magic
 + Level 3.4 Earth Magic
 + Level 3.4 Poison Magic


You knew the following spells:

 Your Spells              Type           Power      Damage    Failure   Level
a - Freeze                Ice            68%        1d8       7%          1
b - Call Imp              Summ           34%        N/A       10%         2
c - Frozen Ramparts       Ice            34%        1d6       21%         3
Your spell library was empty.

Dungeon Overview and Level Annotations

Branches:
Dungeon (5/15)
 Temple: D:4-7

Altars:
Cheibriados
Fedhas
Hepliaklqana
Trog
Xom
Zin


Innate Abilities, Weirdness & Mutations

Your life essence is reduced to manifest your ancestor. (-10% HP)
You are immune to sickness and miasma.
You are immune to poison.
Your flesh is very heat resistant. (rF++)
You are vulnerable to cold. (rC-)
You float through the air rather than walking.
You learn spells naturally, not from books.
Your magical power is your life essence.
You have superior vitality. (+4 MHP)


Message History

A centaur is nearby!
The centaur shoots an arrow.
The arrow hits you!
The centaur shoots an arrow.
The arrow closely misses you.
The centaur shoots an arrow.
The arrow hits you!
* * * LOW HITPOINT WARNING * * *
You hit the centaur. You freeze the centaur.
The centaur is lightly wounded.
The centaur unwields a +0 orcbow.
The centaur misses you.
The centaur kicks you but does no damage.
The centaur hits you but does no damage.
The centaur kicks you.
* * * LOW HITPOINT WARNING * * *
You hit the centaur but do no damage.
The centaur is lightly wounded.
The centaur hits you.
* * * LOW HITPOINT WARNING * * *
The centaur barely misses you. The centaur completely misses you.
The centaur closely misses you.
Casting: Frozen Ramparts (dangerous; 21% risk of failure)
Confirm with . or Enter, or press ? or * to list all spells.
Casting: Frozen Ramparts (dangerous; 21% risk of failure)
Press: ? - help, Dir - look around, f - activate The walls around you are covered in ice.
* * * LOW HITPOINT WARNING * * *
The wall freezes the centaur.
The centaur misses you. The centaur closely misses you.
You barely miss the centaur.
The centaur is lightly wounded.
The wall freezes the centaur.
The centaur hits you.
* * * LOW HITPOINT WARNING * * *
The centaur kicks you.
* * * LOW HITPOINT WARNING * * *
The wall freezes the centaur.
The centaur completely misses you. The centaur kicks you.
* * * LOW HITPOINT WARNING * * *
It was a potion of brilliance.
You feel clever all of a sudden.
The wall freezes the centaur but does no damage.
The centaur hits you.
You die...

##### #...# #.#R#
#.#.# #.#.# #####
#.#.# #...#
#R#.###.#.######
#@#.††....#....###
#c####..........#.
..# #...##.....#.
.### ######.......
.. . #######. ..
..########... ...
.........)... ###
##.....#.#.
#.....#.#.


You could see the friendly Decima the knight and a centaur (ally target).

Vanquished Creatures
  A scorpion (D:4)
  A howler monkey (D:5)
  A sleepcap (D:5)
  3 hounds (D:5)
  Ijyb (D:4)
  A gnoll (D:1)
  2 adders (D:3)
  2 worms (D:3)
  2 dart slugs (D:1)
  5 orcs
  5 bats
  4 endoplasms
  4 giant cockroaches
  8 goblins
  5 hobgoblins
  3 quokkas
  4 ball pythons (D:1)
  A frilled lizard (D:2)
  4 kobolds
  5 rats
62 creatures vanquished.

Vanquished Creatures (collateral kills)
  A phantom (D:5)
  A worm (D:5)
  3 orcs
  A bat (D:1)
  3 endoplasms
  3 goblins
  A hobgoblin (D:2)
  A quokka (D:1)
14 creatures vanquished.

Grand Total: 76 creatures vanquished

Notes
Turn   | Place    | Note
-------+----------+-------------------------------------------
     0 | D:5      | cforsyth the Djinni Delver began the quest for the Orb.
     0 | D:5      | Reached XP level 1. HP: 20/20 MP: 0/0
    27 | D:5      | Found a snail-covered altar of Cheibriados.
    44 | D:5      | Noticed a sleepcap
    62 | D:5      | Killed a sleepcap
    63 | D:5      | Reached skill level 1 in Spellcasting
    63 | D:5      | Reached skill level 1 in Conjurations
    63 | D:5      | Reached skill level 1 in Hexes
    63 | D:5      | Reached skill level 1 in Summonings
    63 | D:5      | Reached skill level 1 in Necromancy
    63 | D:5      | Reached skill level 1 in Translocations
    63 | D:5      | Reached skill level 1 in Transmutations
    63 | D:5      | Reached skill level 1 in Fire Magic
    63 | D:5      | Reached skill level 1 in Ice Magic
    63 | D:5      | Reached skill level 1 in Air Magic
    63 | D:5      | Reached skill level 1 in Earth Magic
    63 | D:5      | Reached skill level 1 in Poison Magic
    63 | D:5      | Reached XP level 2. HP: 4/25 MP: 0/0
    63 | D:5      | Reached XP level 3. HP: 4/30 MP: 0/0
    63 | D:5      | Learned a level 1 spell: Freeze
   350 | D:4      | Noticed Ijyb
   351 | D:4      | Paralysed by Ijyb for 5 turns
   357 | D:4      | Killed Ijyb
   358 | D:4      | Reached XP level 4. HP: 37/37 MP: 0/0
   476 | D:4      | Noticed a scorpion
   522 | D:4      | Killed a scorpion
   523 | D:4      | Reached skill level 4 in Fighting
   523 | D:4      | Reached XP level 5. HP: 13/42 MP: 0/0
   523 | D:4      | Learned a level 2 spell: Call Imp
   797 | D:4      | Found a bloodstained altar of Trog.
   797 | D:4      | Found a blossoming altar of Fedhas.
   880 | D:4      | Found a hazy altar of Hepliaklqana.
   895 | D:4      | Became a worshipper of Hepliaklqana the Forgotten
  1703 | D:1      | Reached * piety under Hepliaklqana
  2222 | D:1      | Reached XP level 6. HP: 44/44 MP: 0/0
  2267 | D:1      | Found a faded altar of an unknown god.
  2698 | D:2      | Found a bloodstained altar of Trog.
  3016 | D:3      | Reached ** piety under Hepliaklqana
  3017 | D:3      | Remembered your ancestor Decima as a knight
  3156 | D:3      | Reached skill level 5 in Fighting
  3527 | D:4      | Noticed an angel
  3529 | D:4      | Found a glowing silver altar of Zin.
  3530 | D:4      | Found a shimmering altar of Xom.
  3776 | D:5      | Reached XP level 7. HP: 27/48 MP: 0/0
  3776 | D:5      | Learned a level 3 spell: Frozen Ramparts
  3909 | D:5      | HP: 2/49 [centaur (2)]
  3910 | D:5      | Slain by a centaur

Illustrated notes

Levels and vault maps discovered:
D:1:      heliophobic_arrival_enchanted_forest, layout_basic,
          shapermc_ecumenical_altar_mp_ritualfount
D:2:      layout_basic, basic_altar
D:3:      layout_basic, nicolae_concentric_dashed_squares_mild
D:4:      layout_loops_ring, grunt_temple_overflow_order_and_chaos_1,
          gammafunk_temple_overflow_wave, mainiacjoe_overflow_tiny_flanked,
          kennysheep_boxes, uniq_ijyb
D:5:      layout_basic, kennysheep_mini, kennysheep_path_1

Skill      XL: |  1  2  3  4  5  6 |
---------------+-------------------+-----
Spellcasting   | 1 2 3 |  3.4
Conjurations   | 1 2 3 |  3.4
Hexes          | 1 2 3 |  3.4
Summonings     | 1 2 3 |  3.4
Necromancy     | 1 2 3 |  3.4
Translocations | 1 2 3 |  3.4
Transmutations | 1 2 3 |  3.4
Fire Magic     | 1 2 3 |  3.4
Ice Magic      | 1 2 3 |  3.4
Air Magic      | 1 2 3 |  3.4
Earth Magic    | 1 2 3 |  3.4
Poison Magic   | 1 2 3 |  3.4
Fighting       | 4 5 |  5.7
Long Blades    | |  1.7
Dodging        | |  2.1
Stealth        | |  4.1

Action                     |  1- 3 |  4- 6 |  7- 9 || total
---------------------------+-------+-------+-------++-------
  Melee: Falchion          |    21 |    50 |       ||    71
         Dagger            |       |   104 |       ||   104
         Hand axe          |       |    28 |     5 ||    33
         Punch             |       |     1 |       ||     1
   Cast: Call Imp          |       |     1 |       ||     1
         Frozen Ramparts   |       |       |     3 ||     3
 Invoke: Ancestor Life: Kn |       |     1 |       ||     1
  Evoke: Wand              |     2 |     2 |       ||     4
    Use: Potion            |       |       |     1 ||     1
   Stab: Sleeping          |     1 |    18 |       ||    19
         Paralysed         |       |     5 |       ||     5
         Distracted        |       |     1 |       ||     1
 Armour: Leather armour    |    13 |    99 |    12 ||   124
  Dodge: Dodged            |    10 |    87 |    10 ||   107

Table legend: (Time is in decaauts)
 A = Elapsed time spent in this place.
 B = Non-inter-level travel time spent in this place.
 C = Inter-level travel time spent in this place.
 D = Time resting spent in this place.
 E = Time spent auto-exploring this place.
 F = Levels seen in this place.
 G = Mean time per level.
                   A        B        C        D        E       F      G
               +--------+--------+--------+--------+--------+-----+--------+
         Total |   3927 |   3744 |    183 |    189 |   2904 |   5 |  785.4 |
       Dungeon |   3927 |   3744 |    183 |    189 |   2904 |   5 |  785.4 |
               +--------+--------+--------+--------+--------+-----+--------+

Top non-repeatable levels by time:
     D:4: 1075 daAuts
     D:3: 901 daAuts
     D:1: 805 daAuts
     D:2: 727 daAuts
     D:5: 417 daAuts
